Match 42623329
Unlisted

Match 42623329
End
Selects Australian Defense Battlegroup
Selects Australian Light Infantry Section
Australian Light Infantry Section
Construct Section Command Post
Dingo Light Scout Car
Australian Light Infantry Section
Selects 2-pounder Anti-tank Gun Team
2-pounder Anti-tank Gun Team
Construct Platoon Command Post
CMP 15cwt Truck
2-pounder Anti-tank Gun Team
Infantry Training
Construct Company Command Post
Selects Vehicle Over Repair
Royal Engineer Section
Vickers Machine Gun Team
2-pounder Anti-tank Gun Team
Crusader II Medium Tank
Unlock Towed 17-pounder Anti-tank Guns
Selects CMP 15cwt Supply Run
Selects Artillery Trip Wire Flares
Selects Charged Creeping Barrage
Charged Creeping Barrage
Unlock M3 Grant Medium Tanks
M3 Grant Medium Tank
17-pounder Anti-tank Gun Team
Charged Creeping Barrage
CMP 15cwt Supply Run
M3 Grant Medium Tank
Royal Engineer Section
Armored Vehicle Training
Charged Creeping Barrage
17-pounder Anti-tank Gun Team
17-pounder Anti-tank Gun Team
Charged Creeping Barrage
Matilda II Heavy Tank
Team Weapon Training
Foot Guards Section
Crusader II Medium Tank
Charged Creeping Barrage
Foot Guards Section
Crusader II Medium Tank
17-pounder Anti-tank Gun Team
BloodSpark
Cons01
Dremel
Noch
MajorZ14
Cute P$ssy
CiachBajera
Henkolicious
0
0

Comments sign in to comment!

No comments posted yet!